 Dungeon Crawl Stone Soup version 0.24.0-123-gd5b16e6ec5 (webtiles) character file.

Game seed: 12796663928771274751, levelgen mode: deterministic

1783 Peloso the Protected (level 8, 0/70 HPs)
             Began as a Minotaur Fighter on Jan 16, 2020.
             Succumbed to a killer bee's poison
             ... on level 7 of the Dungeon.
             The game lasted 00:14:49 (6578 turns).

Peloso the Protected (Minotaur Fighter)             Turns: 6578, Time: 00:14:49

Health: 0/70       AC: 12    Str: 21    XL:     8   Next: 81%
Magic:  7/7        EV:  7    Int:  5    God:
Gold:   283        SH: 10    Dex: 12    Spells: 7/7 levels left

rFire    + . .     SeeInvis .   a - +1 long sword
rCold    . . .     Gourm    +   c - +0 shield
rNeg     . . .     Faith    .   i - +0 chain mail
rPois    .         Spirit   .   (helmet unavailable)
rElec    .         Reflect  .   (no cloak)
rCorr    .         Harm     .   n - +0 pair of gloves
MR       .....                  (no boots)
Stlth    ..........             e - amulet of the gourmand
HPRegen  0.21/turn              m - ring of flight
MPRegen  0.10/turn              h - ring of protection from fire

@: lethally poisoned (0 -> -41)
A: retaliatory headbutt, claws 1, horns 3, blurry vision 1
a: Evoke Flight


You were on level 7 of the Dungeon.
You were near starving.

You visited 1 branch of the dungeon, and saw 7 of its levels.

You collected 283 gold pieces.

Inventory:

Hand Weapons
 a - a +1 long sword (weapon)
 b - a +2 dagger of flaming
 o - the +6 dagger of Valuable Assets {antimagic, rPois MP+9}
   (You found it on level 4 of the Dungeon)

   It reduces the magical energy of the wielder, and disrupts the spells and
   magical abilities of those hit.
   Natural abilities and divine invocations are not affected.
   It protects you from poison.
   It affects your magic capacity (+9).
Armour
 c - a +0 shield (worn)
 i - a +0 chain mail (worn)
 n - a +0 pair of gloves (worn)
 s - a +0 scale mail
Jewellery
 e - an amulet of the gourmand (around neck)
 h - a ring of protection from fire (right hand)
 m - a ring of flight (left hand)
 q - an uncursed ring of stealth
Wands
 p - a wand of flame (21)
 v - a wand of polymorph (10)
Scrolls
 g - 4 scrolls of identify
 k - a scroll of enchant weapon
 l - 2 scrolls of teleportation
 t - a scroll of amnesia
Potions
 d - 2 potions of might
 r - a potion of ambrosia
 u - a potion of berserk rage
 x - 4 potions of curing
 z - a potion of heal wounds
 A - a potion of haste
Comestibles
 f - 11 rations


   Skills:
 + Level 6.1 Fighting
 + Level 0.9(4.7) Short Blades
 + Level 8.2 Long Blades
 + Level 8.2 Armour
 + Level 2.8 Dodging
 + Level 0.6 Stealth
 + Level 6.5 Shields


You had 7 spell levels left.
You didn't know any spells.
Your spell library was empty.

Dungeon Overview and Level Annotations

Branches:
Dungeon (7/15)
 Temple: D:4-7

Altars:
Ashenzari
Nemelex Xobeh
Qazlal
Sif Muna
Trog


Innate Abilities, Weirdness & Mutations

You reflexively headbutt those who attack you in melee.
You have a pair of large horns on your head.
You have sharp fingernails.
Scrolls take you a little longer to read.


Message History

* * * LOW HITPOINT WARNING * * *
You feel very sick. The killer bee stings you.
* * * LOW HITPOINT WARNING * * *
The killer bee stings you but does no damage.
The killer bee stings you.
* * * LOW HITPOINT WARNING * * *
You block the killer bee's attack. x2; The kobold hits you but does no damage.
The big kobold hits you with a +0 short sword.
* * * LOW HITPOINT WARNING * * *
The killer bee stings you but does no damage.
The killer bee stings you.
* * * LOW HITPOINT WARNING * * *
You are more poisoned.
The killer bee poisons you! The killer bee stings you.
* * * LOW HITPOINT WARNING * * *
You are more poisoned.
The killer bee poisons you!
The killer bee stings you but does no damage. x2
You die...

#..#
#######.>######
..............#
..............#
..............#
..............#
......yy......#
.....KK@y.....#
.....OKyy.....#
..<....y......#
.....#...#.#.##
.....#.#.#<# #
.###.....###
#.....# #.....#
.......


You could see a big kobold, an ogre, 6 killer bees and 2 kobolds.

Vanquished Creatures
  Sigmund (D:3)
  An ice beast (D:6)
  An ogre (D:5)
  A phantom (D:4)
  4 centaurs
  A scorpion (D:7)
  A howler monkey (D:6)
  4 crimson imps
  Crazy Yiuf (D:4)
  A hound (D:4)
  2 orc priests
  Ijyb (D:3)
  2 centaur skeletons (D:6)
  2 gnoll shamans
  An iguana (D:6)
  2 orc wizards (D:5)
  5 worker ants
  A hound skeleton (D:6)
  Robin (D:3)
  13 gnolls
  A howler monkey skeleton (D:6)
  5 adders
  A shadow imp (D:6)
  3 oozes
  An adder zombie (D:6)
  2 adder skeletons
  5 worms
  3 dart slugs
  3 leopard geckos
  7 orcs
  6 giant cockroaches
  16 goblins
  12 hobgoblins
  4 jackals (D:3)
  16 kobolds
  2 quokkas (D:3)
  7 ball pythons
  8 bats
  2 frilled lizards
  A jackal skeleton (D:5)
  A leopard gecko skeleton (D:5)
  7 rats
159 creatures vanquished.

Notes
Turn   | Place    | Note
-------+----------+-------------------------------------------
     0 | D:1      | Peloso the Minotaur Fighter began the quest for the Orb.
     0 | D:1      | Reached XP level 1. HP: 19/19 MP: 0/0
   196 | D:1      | Reached XP level 2. HP: 27/27 MP: 1/1
   449 | D:1      | Found a shimmering blue altar of Sif Muna.
   469 | D:1      | Reached XP level 3. HP: 25/33 MP: 2/2
  1241 | D:2      | Reached XP level 4. HP: 33/40 MP: 3/3
  1782 | D:3      | Noticed Ijyb
  1798 | D:3      | Killed Ijyb
  1860 | D:3      | Reached XP level 5. HP: 43/46 MP: 4/4
  1867 | D:3      | Reached skill level 5 in Armour
  1867 | D:3      | Reached skill level 1 in Dodging
  1967 | D:3      | Noticed Robin
  1981 | D:3      | Killed Robin
  2261 | D:3      | Found a sparkling altar of Nemelex Xobeh.
  2305 | D:3      | Noticed Sigmund
  2343 | D:3      | Killed Sigmund
  2343 | D:3      | Reached skill level 5 in Long Blades
  2343 | D:3      | Reached XP level 6. HP: 20/53 MP: 5/5
  2751 | D:3      | Found a stormy altar of Qazlal.
  3132 | D:4      | Found a bloodstained altar of Trog.
  3139 | D:4      | Got a fine dagger
  3142 | D:4      | Identified the +6 dagger of Valuable Assets {antimagic,
                  | rPois MP+9} (You found it on level 4 of the Dungeon)
  3624 | D:4      | Found a runed translucent door.
  3625 | D:4      | Noticed Crazy Yiuf
  3787 | D:4      | Killed Crazy Yiuf
  3787 | D:4      | Reached skill level 5 in Fighting
  3841 | D:5      | Entered Level 5 of the Dungeon
  3890 | D:4      | Reached XP level 7. HP: 17/61 MP: 5/6
  4224 | D:5      | Reached skill level 5 in Shields
  4899 | D:5      | Reached XP level 8. HP: 33/69 MP: 7/7
  4920 | D:5      | Found a shattered altar of Ashenzari.
  4970 | D:5      | Got a smoking hunting sling
  4971 | D:5      | Identified the cursed +0 hunting sling "Oruov" {velocity,
                  | *Contam MR+ Int+2} (You found it on level 5 of the Dungeon)
  4984 | D:5      | Gained mutation: Your body sometimes deteriorates upon
                  | taking damage. [mutagenic glow]
  6545 | D:6      | Lost mutation: Your body sometimes deteriorates upon taking
                  | damage. [potion of mutation]
  6545 | D:6      | Gained mutation: You have sharp fingernails. [potion of
                  | mutation]
  6545 | D:6      | Gained mutation: Scrolls take you a little longer to read.
                  | [potion of mutation]
  6545 | D:6      | Gained mutation: You have a pair of large horns on your
                  | head. [potion of mutation]
  6577 | D:7      | HP: 3/70 [killer bee (5)]
  6578 | D:7      | Succumbed to a killer bee's poison

Levels and vault maps discovered:
D:1:      dpeg_arrival_erosion, layout_basic, minmay_hexomino_r4
D:2:      layout_loops_ring
D:3:      layout_basic, nemelex_xobeh_ov_fountains_minmay,
          nicolae_qazlal_general_emergency, uniq_ijyb, uniq_robin, uniq_sigmund
D:4:      layout_gridville, bloody_trog, first_ration, uniq_crazy_yiuf_cottage
D:5:      layout_basic, lemuel_round_altar
D:6:      layout_layer_cave, chequers_serial_rivers_micro_a
D:7:      layout_basic, slow_altar_1, lemuel_doored_altar,
          minmay_temple_entry_enclosed_plants

Skill      XL: |  1  2  3  4  5  6  7  8 |
---------------+-------------------------+-----
Fighting       | 4 5 6 |  6.1
Armour         | 4 5 6 8 |  8.2
Long Blades    | 3 4 5 6 8 |  8.2
Shields        | 4 5 6 |  6.5
Dodging        | 1 2 |  2.8
Short Blades   | |  0.9
Stealth        | |  0.6

Action                   |  1- 3 |  4- 6 |  7- 9 || total
-------------------------+-------+-------+-------++-------
Melee: Long sword        |   111 |   209 |   168 ||   488
       Headbutt          |    17 |    35 |    45 ||    97
       Dagger            |       |     8 |       ||     8
  Use: Potion            |     2 |     3 |     3 ||     8
       Scroll            |       |       |    10 ||    10
  Eat: Chunk             |     1 |     9 |     7 ||    17
Armor: Scale mail        |    93 |    93 |    57 ||   243
       Chain mail        |       |       |    60 ||    60
Dodge: Dodged            |    44 |    44 |    87 ||   175
Block: Shield            |    60 |   108 |   126 ||   294
       Rpst.: Long sword |    11 |    10 |    21 ||    42
